 Dungeon Crawl Stone Soup version 0.31-a0-1576-ga3383bade6 (webtiles) character file.

Game seed: 5470977160727057824

2234 jlumianski the Ruffian (level 9, -3/50 (68) HPs)
             Began as a Gnoll Shapeshifter on Jan 4, 2024.
             Blown up by Jeremiah (13 damage)
             ... with a mindburst bolt
             ... on level 7 of the Dungeon on Jan 5, 2024.
             The game lasted 00:28:18 (7024 turns).

jlumianski the Ruffian (Gnoll Shapeshifter)         Turns: 7024, Time: 00:28:22

HP:   -3/50 (68)    AC:  7    Str: 17    XL:     9   Next: 36%
MP:   15/15         EV: 11    Int: 13    God:
Gold: 306           SH:  5    Dex: 11    Spells: 16/16 levels left

rFire   . .          .
                       - Unarmed
rCold   . . .        (no shield)
rNeg    + . .        y - +0 scale mail
rPois   .            (helmet currently unavailable)
rElec   .            (cloak currently unavailable)
rCorr   .            (gloves currently unavailable)
SInv    .            (boots currently unavailable)
Will    .....        k - amulet of Nafuefec {Reflect +Blink rN+ Will- SH+5}
Stlth   +            j - ring of willpower
HPRegen 0.28/turn    (no ring)
MPRegen 0.14/turn

%: reflection, clarity
@: beast-form, very heavily drained
A: beast (slay +4), fangs 1, strong nose, distributed training, clarity, clever
1
a: Begin Untransformation, Evoke Blink


You were on level 7 of the Dungeon.
You were a hulking beast.
You visited 1 branch of the dungeon, and saw 7 of its levels.

You collected 416 gold pieces.
You spent 110 gold pieces at shops.

Inventory:

Missiles
 z - a poisoned dart (quivered)
Armour
 a - a +0 animal skin
 m - a +0 ring mail
 o - a +0 helmet
 y - a +0 scale mail (worn)
Jewellery
 j - a ring of willpower (left hand)
 k - the amulet of Nafuefec (around neck) {Reflect +Blink rN+ Will- SH+5}
   (You acquired it on level 5 of the Dungeon)

   [amulet of reflection]

   Reflect:   It reflects blocked missile attacks.
   rN+:       It protects you from negative energy.
   Will-:     It decreases your willpower.
   +Blink:    It lets you blink.
   SH+5:      It affects your SH (+5).
 q - a ring of ice
 C - an amulet of faith
 D - a ring of poison resistance
Talismans
 c - a beast talisman
 d - a flux talisman
 r - a granite talisman
Wands
 A - a wand of polymorph (8)
 B - a wand of roots (6)
Scrolls
 f - 2 scrolls of revelation
 i - 2 scrolls of enchant weapon
 n - a scroll of amnesia
 p - 2 scrolls of poison
 s - a scroll of immolation
 v - a scroll of vulnerability
 w - a scroll of blinking
 x - a scroll of enchant armour
 E - a scroll of teleportation {unknown}
 G - a scroll of summoning {unknown}
 H - a scroll of identify
Potions
 b - 3 potions of lignification
 e - a potion of ambrosia
 g - a potion of resistance
 h - 2 potions of degeneration
 l - a potion of mutation
 t - a potion of curing
 u - a potion of might
 F - 2 potions of attraction {unknown}


   Skills:
 + Level 5.1 Fighting
 + Level 4.3 Short Blades
 + Level 4.3 Long Blades
 + Level 4.3 Axes
 + Level 4.3 Maces & Flails
 + Level 4.3 Polearms
 + Level 4.3 Staves
 + Level 4.3 Ranged Weapons
 + Level 4.3 Throwing
 + Level 4.3 Armour
 + Level 6.4 Dodging
 + Level 4.3 Stealth
 + Level 4.3 Shields
 + Level 7.9 Unarmed Combat
 + Level 4.3 Spellcasting
 + Level 3.5 Conjurations
 + Level 3.5 Hexes
 + Level 3.5 Summonings
 + Level 3.5 Necromancy
 + Level 3.5 Translocations
 + Level 3.5 Fire Magic
 + Level 3.5 Ice Magic
 + Level 3.5 Air Magic
 + Level 3.5 Earth Magic
 + Level 3.5 Alchemy
 + Level 4.8 Invocations
 + Level 4.3 Evocations
 + Level 7.7 Shapeshifting


You had 16 spell levels left.
You didn't know any spells.
Your spell library contained the following spells:

 Spells                   Type           Power      Damage    Failure   Level
 Kiss of Death            Conj/Necr      48%        2d9       14%         1
 Ensorcelled Hibernation  Hex/Ice        24%        N/A       22%         2
 Confusing Touch          Hex            12%        N/A       41%         3
 Fugue of the Fallen      Necr           12%        N/A       41%         3
 Hailstorm                Conj/Ice       12%        3d6       41%         3
 Ozocubu's Armour         Ice            12%        N/A       41%         3
 Summon Ice Beast         Ice/Summ       12%        N/A       41%         3
 Anguish                  Hex/Necr       6%         N/A       82%         4
 Dispel Undead            Necr           12%        3d9       82%         4
 Manifold Assault         Tloc           12%        N/A       82%         4
 Olgreb's Toxic Radiance  Alch           12%        N/A       82%         4
 Sculpt Simulacrum        Ice/Alch       6%         N/A       100%        6
 Ozocubu's Refrigeration  Ice            6%         4d8       100%        7
 Discord                  Hex            6%         N/A       100%        8


Dungeon Overview and Level Annotations

Branches:
Dungeon (7/15)
 Temple: D:4-7

Altars:
Dithmenos
Gozag
Hepliaklqana
Kikubaaqudgha
Okawaru
Ru
Sif Muna
Trog
Vehumet
The Shining One

Shops:
D:3 ([(=   D:4 !   D:5 :

Annotations:
D:7 Jeremiah


Innate Abilities, Weirdness & Mutations

You are a hulking beast.
Your limbs bulge with bestial killing power. (Slay +4)
You have very sharp teeth.
Your uncanny sense of smell can sniff out nearby items.
Your experience applies equally to all skills.
You possess an exceptional clarity of mind.
Your mind is acute. (Int +4, Str/Dex -1)


Message History

Unknown command.
Aiming: Fastroot
Press: ? - help, Shift-Dir - straight line, f/p - Jeremiah
Aim: Jeremiah, wielding a +3 trident of draining, wearing a +0 robe, wearing an orb of energy and carrying a wand of mindburst (severely wounded)
The roots erupt in riotous growth!
Roots grab Jeremiah.
Roots grab the butterfly. x3
The grasping roots constrict Jeremiah!
The grasping roots constrict the butterfly!
You kill the butterfly!
The butterfly disappears in a burst of colours!
The grasping roots constrict the butterfly!
You kill the butterfly!
The butterfly disappears in a burst of colours!
The grasping roots constrict the butterfly!
You kill the butterfly!
The butterfly disappears in a burst of colours!
You hear a shout! x2
The butterfly disappears in a burst of colours!
Jeremiah zaps a wand.
You struggle to resist.
Aiming: Fastroot
Press: ? - help, Shift-Dir - straight line, f - you, p - Jeremiah The roots erupt in riotous growth!
Roots grab the butterfly. x2
Jeremiah is unaffected.
Roots grab the butterfly.
The grasping roots constrict Jeremiah.
The grasping roots constrict the butterfly.
You kill the butterfly!
The butterfly disappears in a burst of colours!
The grasping roots constrict the butterfly.
You kill the butterfly!
The butterfly disappears in a burst of colours!
The grasping roots constrict the butterfly.
You kill the butterfly!
The butterfly disappears in a burst of colours!
You hear a shout!
The roots release their grip on Jeremiah.
Jeremiah zaps a wand.
Your mind is blasted!
You die...
Jeremiah wails, "I didn't mean to kill anyone!
I'm not a murderer!"

#.# ##.## #bb.
##+# ##..# # ##...
#...# #.##....
#.#.# #.#.....
...#####.#.#
#.......
.......bhb.#
#.......
#..##b##Fbb#
#..>...F #
###b#######.#.....
#.........##..##
###b#########.#
#.##.......##
#.##......##
##.##......#
#...#......#


You could see Jeremiah.

Vanquished Creatures
  Pikel (D:4)
  Sigmund (D:5)
  Menkaure (D:7)
  An ice beast (D:5)
  An ogre (D:4)
  3 lemures
  A phantom (D:3)
  A bullfrog (D:6)
  A gnoll sergeant (D:5)
  2 scorpions (D:6)
  4 killer bees (D:6)
  2 bombardier beetles
  2 jellies (D:6)
  4 hounds
  3 orc priests
  2 gnoll boudas
  A sleepcap (D:6)
  3 iguanas
  Terence (D:2)
  Robin (D:2)
  4 adders
  12 gnolls
  A shadow imp (D:6)
  A white imp (D:6)
  3 dart slugs
  A ribbon worm (D:3)
  19 orcs
  6 bats
  6 endoplasms
  3 giant cockroaches
  11 hobgoblins
  5 jackals (D:1)
  6 kobolds
  4 quokkas
  5 ball pythons
  3 frilled lizards
  16 goblins
  4 rats
146 creatures vanquished.

Notes
Turn   | Place    | Note
-------+----------+-------------------------------------------
     0 | D:1      | jlumianski the Gnoll Shapeshifter began the quest for the
                  | Orb.
     0 | D:1      | Reached XP level 1. HP: 17/17 MP: 1/1
   188 | D:1      | Reached XP level 2. HP: 22/23 MP: 2/2
   529 | D:1      | Reached XP level 3. HP: 28/28 MP: 3/3
   697 | D:2      | Noticed Terence
   705 | D:2      | Killed Terence
   706 | D:2      | Reached skill level 1 in Short Blades
   706 | D:2      | Reached skill level 1 in Long Blades
   706 | D:2      | Reached skill level 1 in Axes
   706 | D:2      | Reached skill level 1 in Maces & Flails
   706 | D:2      | Reached skill level 1 in Polearms
   706 | D:2      | Reached skill level 1 in Staves
   706 | D:2      | Reached skill level 1 in Ranged Weapons
   706 | D:2      | Reached skill level 1 in Throwing
   706 | D:2      | Reached skill level 1 in Armour
   706 | D:2      | Reached skill level 1 in Stealth
   706 | D:2      | Reached skill level 1 in Shields
   706 | D:2      | Reached skill level 1 in Spellcasting
   706 | D:2      | Reached skill level 1 in Invocations
   706 | D:2      | Reached skill level 1 in Evocations
   773 | D:1      | Gained mutation: You possess an exceptional clarity of
                  | mind. [potion of mutation]
   773 | D:1      | Gained mutation: Your mind is acute. (Int +4, Str/Dex -1)
                  | [potion of mutation]
   955 | D:1      | Reached XP level 4. HP: 33/34 MP: 5/5
  1491 | D:2      | Noticed Robin
  1576 | D:2      | Killed Robin
  1577 | D:2      | Reached skill level 1 in Conjurations
  1577 | D:2      | Reached skill level 1 in Hexes
  1577 | D:2      | Reached skill level 1 in Summonings
  1577 | D:2      | Reached skill level 1 in Necromancy
  1577 | D:2      | Reached skill level 1 in Translocations
  1577 | D:2      | Reached skill level 1 in Fire Magic
  1577 | D:2      | Reached skill level 1 in Ice Magic
  1577 | D:2      | Reached skill level 1 in Air Magic
  1577 | D:2      | Reached skill level 1 in Earth Magic
  1577 | D:2      | Reached skill level 1 in Alchemy
  1581 | D:3      | Found Jiluubijom's Antique Armour Boutique.
  1693 | D:2      | Reached XP level 5. HP: 38/40 MP: 5/7
  1785 | D:3      | Found Ezaplorch's Jewellery Boutique.
  2062 | D:3      | Found Mypheleg's Weapon Shop.
  2142 | D:3      | Found a shadowy altar of Dithmenos.
  2144 | D:3      | Found a glowing golden altar of the Shining One.
  2151 | D:3      | Found an ancient bone altar of Kikubaaqudgha.
  2151 | D:3      | Found an opulent altar of Gozag.
  2152 | D:3      | Found a hazy altar of Hepliaklqana.
  2152 | D:3      | Found an iron altar of Okawaru.
  2152 | D:3      | Found a sacrificial altar of Ru.
  2157 | D:3      | Found a radiant altar of Vehumet.
  2339 | D:3      | Noticed a +0 rapier
  2341 | D:3      | Found Vonion Iwku's Weapon Boutique.
  2347 | D:3      | Noticed a +0 giant spiked club
  2562 | D:4      | Found Qut Maigeg's Distillery.
  2587 | D:4      | Bought a potion of curing for 33 gold pieces
  2587 | D:4      | Bought a potion of might for 44 gold pieces
  2587 | D:4      | Bought a potion of curing for 33 gold pieces
  2597 | D:4      | Reached XP level 6. HP: 47/47 MP: 8/8
  2611 | D:4      | Reached skill level 5 in Dodging
  2679 | D:5      | Entered Level 5 of the Dungeon
  2710 | D:5      | Identified a scroll of acquirement
  2711 | D:5      | Acquired the amulet of Nafuefec {Reflect +Blink rN+ Will-
                  | SH+5}
  2948 | D:4      | Reached XP level 7. HP: 52/52 MP: 10/10
  3070 | D:5      | Noticed Sigmund
  3071 | D:5      | Noticed Pikel
  4342 | D:4      | Killed Pikel
  4343 | D:4      | Reached XP level 8. HP: 11/60 MP: 11/13
  4635 | D:5      | Found Loukh's Tremendous Tomes.
  4780 | D:5      | Killed Sigmund
  5137 | D:6      | Found a shimmering blue altar of Sif Muna.
  5143 | D:6      | Found a bloodstained altar of Trog.
  5172 | D:6      | Reached XP level 9. HP: 59/66 MP: 14/14
  5274 | D:7      | Noticed Menkaure
  5278 | D:7      | Killed Menkaure
  5920 | D:6      | Reached skill level 5 in Fighting
  6251 | D:7      | Noticed Jeremiah
  7024 | D:7      | Blown up by Jeremiah

Illustrated notes

Levels and vault maps discovered:
D:1:      sevenhm_arrival_forest_fort_large_2, layout_loops_cross,
          chequers_serial_rivers_marsh, chequers_serial_rivers_large_a,
          hangedman_decor_push, nicolae_houndstooth_variations
D:2:      layout_basic, minmay_liquid_box, kennysheep_generic_room_14,
          uniq_robin, uniq_terence
D:3:      layout_rooms, grunt_temple_overflow_open, serial_shops,
          nicolae_shop_crystal, nicolae_shop_gaudy_bauble,
          nicolae_shop_mannequins, nicolae_shop_tiny_real_fake_doors,
          ebering_dispersal_statue_hall, minmay_misc_feat_nine_boxes,
          kennysheep_generic_room_6
D:4:      layout_layer_cave, serial_shops, nicolae_shop_tiny_waterfront,
          wad_floor_pattern_untrapped, nicolae_zig_zag_zippers
D:5:      layout_basic, nicolae_shop_i_like_big_books, uniq_pikel, uniq_sigmund
D:6:      layout_loops_cross, hellmonk_overflow_destroyed_library
D:7:      kennysheep_steamy, layout_loops_corners,
          chequers_temple_overflow_minitemple, minmay_temple_entry_arrows,
          gammafunk_ghost_nasty_kobolds, uniq_jeremiah, uniq_menkaure

Skill      XL: |  1  2  3  4  5  6  7  8  9 |
---------------+----------------------------+-----
Short Blades   | 1 2 3 4 |  4.3
Long Blades    | 1 2 3 4 |  4.3
Axes           | 1 2 3 4 |  4.3
Maces & Flails | 1 2 3 4 |  4.3
Polearms       | 1 2 3 4 |  4.3
Staves         | 1 2 3 4 |  4.3
Ranged Weapons | 1 2 3 4 |  4.3
Throwing       | 1 2 3 4 |  4.3
Armour         | 1 2 3 4 |  4.3
Stealth        | 1 2 3 4 |  4.3
Shields        | 1 2 3 4 |  4.3
Spellcasting   | 1 2 3 4 |  4.3
Invocations    | 1 2 3 4 |  4.8
Evocations     | 1 2 3 4 |  4.3
Conjurations   | 1 2 3 |  3.5
Hexes          | 1 2 3 |  3.5
Summonings     | 1 2 3 |  3.5
Necromancy     | 1 2 3 |  3.5
Translocations | 1 2 3 |  3.5
Fire Magic     | 1 2 3 |  3.5
Ice Magic      | 1 2 3 |  3.5
Air Magic      | 1 2 3 |  3.5
Earth Magic    | 1 2 3 |  3.5
Alchemy        | 1 2 3 |  3.5
Fighting       | 3 4 5 |  5.1
Dodging        | 5 6 |  6.4
Unarmed Combat | 7 |  7.9
Shapeshifting  | 7 |  7.7

Action                     |  1- 3 |  4- 6 |  7- 9 || total
---------------------------+-------+-------+-------++-------
  Melee: Unarmed           |    62 |   154 |   252 ||   468
         Bite              |     8 |    10 |    27 ||    45
         Punch             |       |     2 |    12 ||    14
  Throw: Dart              |       |       |     5 ||     5
  Evoke: Wand              |       |       |     4 ||     4
    Use: Scroll            |     2 |     5 |     8 ||    15
         Potion            |     1 |     1 |     1 ||     3
   Stab: Sleeping          |     2 |       |     1 ||     3
 Armour: Animal skin       |    38 |       |       ||    38
         Ring mail         |     3 |    79 |    31 ||   113
         Scale mail        |       |       |   114 ||   114
  Dodge: Dodged            |    52 |    81 |   103 ||   236
  Block: Other             |       |     4 |    48 ||    52

Table legend: (Time is in decaauts)
 A = Elapsed time spent in this place.
 B = Non-inter-level travel time spent in this place.
 C = Inter-level travel time spent in this place.
 D = Time resting spent in this place.
 E = Time spent auto-exploring this place.
 F = Levels seen in this place.
 G = Mean time per level.
                   A        B        C        D        E       F      G
               +--------+--------+--------+--------+--------+-----+--------+
         Total |   7008 |   6831 |    177 |   1427 |   3021 |   7 | 1001.1 |
       Dungeon |   7008 |   6831 |    177 |   1427 |   3021 |   7 | 1001.1 |
               +--------+--------+--------+--------+--------+-----+--------+

Top non-repeatable levels by time:
     D:6: 1774 daAuts
     D:4: 1308 daAuts
     D:1: 990 daAuts
     D:2: 912 daAuts
     D:5: 909 daAuts
     D:3: 847 daAuts
     D:7: 265 daAuts
